 Dungeon Crawl Stone Soup version 0.29-a0-845-g6161e89988 (webtiles) character file.

Game seed: 708121145326821081

335 buhh the Vexing (level 7, 0/50 HPs)
             Began as a Meteoran Enchanter on July 16, 2022.
             Killed from afar by an orc wizard (6 damage)
             ... with a magic dart
             ... on level 4 of the Dungeon.
             The game lasted 00:10:07 (1996 turns).

buhh the Vexing (Meteoran Enchanter)                Turns: 1996, Time: 00:10:07

Health: 0/50       AC:  2    Str: 10    XL:     7   Next: 10%
Magic:  14/14      EV: 13    Int: 19    God:
Gold:   207        SH:  0    Dex: 14    Spells: 9/14 levels left

rFire   + . .      SeeInvis .   k - +0 dagger (drain)
rCold   + . .      Faith    .   (no shield)
rNeg    . . .      Spirit   .   b - +0 robe
rPois   +          Reflect  .   (no helmet)
rElec   +          Harm     .   (no cloak)
rCorr   +          Rampage  .   (no gloves)
Will    .....                   (no boots)
Stlth   +.........              (no amulet)
HPRegen 0.16/turn               (no ring)
MPRegen 0.14/turn               (no ring)

@: confused, mighty, resistant, glowing
A: sense surroundings 1, otherworldly, glowing, explore regen
a: no special abilities


You were on level 4 of the Dungeon.
You visited 1 branch of the dungeon, and saw 5 of its levels.

You collected 273 gold pieces.
You spent 66 gold pieces at shops.

Inventory:

Hand Weapons
 k - a +0 dagger of draining (weapon)
 n - a +1 dagger
Missiles
 f - a curare-tipped dart
 i - 5 poisoned darts
Armour
 b - a +0 robe (worn)
Magical Staves
 p - a staff of fire
Jewellery
 r - a ring of magical power
Wands
 t - a wand of roots (4)
 E - a wand of flame (12)
Scrolls
 a - a scroll of identify {!d}
 c - a scroll of teleportation {!d!d}
 d - a scroll of magic mapping {!d}
 j - a scroll of enchant weapon
 l - a scroll of immolation {!r}
 u - a scroll of enchant armour {unknown}
Potions
 g - a potion of berserk rage {unknown}
 h - a potion of degeneration {unknown}
 m - a potion of might
 o - a potion of lignification {unknown}
 q - a potion of haste {unknown}
 s - a potion of resistance {!d}


   Skills:
 + Level 3.1 Short Blades
 + Level 4.1 Dodging
 + Level 3.1 Stealth
 + Level 4.3 Spellcasting
 + Level 5.0 Hexes


You had 9 spell levels left.
You knew the following spells:

 Your Spells              Type           Power      Damage    Failure   Level
a - Confusing Touch       Hex            23%        N/A       4%          3
b - Ensorcelled Hibernat  Hex/Ice        26%        N/A       7%          2

Your spell library contained the following spells:

 Spells                   Type           Power      Damage    Failure   Level
 Tukima's Dance           Hex            23%        N/A       4%          3
 Dazzling Flash           Conj/Hex       26%        N/A       14%         3
 Silence                  Hex/Air        6%         N/A       78%         5
 Agony                    Necr           4%         N/A       98%         5


Dungeon Overview and Level Annotations

Branches:
Dungeon (5/15) Zot: 1034
 Temple: D:4-7

Altars:
Ashenzari
Gozag
Okawaru

Shops:
D:3 *

Annotations:
D:5 Eustachio


Innate Abilities, Weirdness & Mutations

You passively map a small area around you.
You are easily found by Zot.
You glow in the dark.
You regain HP and MP as you explore.


Message History

You feel protected.
s - a potion of resistance;
r - a ring of magical power Something hits you but does no damage.
Something hits you.
* * * LOW HITPOINT WARNING * * *
It was a potion of ambrosia.
You are more confused.
You feel invigorated. Something hits you.
* * * LOW HITPOINT WARNING * * *
Something hits you.
* * * LOW HITPOINT WARNING * * *
Okay, then.
Something hits you.
* * * LOW HITPOINT WARNING * * *
Something hits you.
* * * LOW HITPOINT WARNING * * *
Something hits you.
* * * LOW HITPOINT WARNING * * *
Something hits you but does no damage.
A ball python comes into view.
Something hits you.
* * * LOW HITPOINT WARNING * * *
You hear some strange, mumbled words.
A magic dart appears from out of thin air!
The magic dart hits you!
* * * LOW HITPOINT WARNING * * *
The ball python hisses angrily.
Something hits you.
* * * LOW HITPOINT WARNING * * *
Something hits you.
* * * LOW HITPOINT WARNING * * *
You bump into the rock wall.
Something hits you.
* * * LOW HITPOINT WARNING * * *
You hear some strange, mumbled words.
Something tries to affect you, but you resist.
You bump into the rock wall.
You feel less invigorated. Something hits you.
* * * LOW HITPOINT WARNING * * *
You hear some strange, mumbled words.
A magic dart appears from out of thin air!
The magic dart hits you.
You die...

#.....# ######.. #.....#
#....... #.....###.......
#.........###...
###.........#...
#........##...
#.######.##...
#####.######....##
#@.......†...^....
#{###.......#.#...
#S.,#.....#.#.#...
#############.#.....#.#.#...
#...........#.......#.......
#...........##.....##..#.###
#...........##.##...<.......
#...........##.##.##.#.##.##
#...........+ ,....#.*#.##


You could see a ball python.

Vanquished Creatures
  3 jellies (D:5)
  An orc priest (D:5)
  2 iguanas
  Robin (D:3)
  A gnoll (D:3)
  4 adders
  3 dart slugs
  7 orcs (D:5)
  2 endoplasms (D:1)
  4 giant cockroaches
  20 goblins
  12 hobgoblins
  2 quokkas
  4 ball pythons
  6 bats
  5 frilled lizards
  7 kobolds
  9 rats
93 creatures vanquished.

Vanquished Creatures (collateral kills)
  An endoplasm (D:3)
1 creature vanquished.

Vanquished Creatures (others)
  2 fungi (D:5)
2 creatures vanquished.

Grand Total: 96 creatures vanquished

Notes
Turn   | Place    | Note
-------+----------+-------------------------------------------
     0 | D:1      | buhh the Meteoran Enchanter began the quest for the Orb.
     0 | D:1      | Reached XP level 1. HP: 14/14 MP: 5/5
    58 | D:1      | Reached XP level 2. HP: 7/20 MP: 6/6
   204 | D:1      | Reached XP level 3. HP: 26/26 MP: 8/8
   208 | D:1      | Learned a level 3 spell: Confusing Touch
   309 | D:1      | Found a faded altar of an unknown god.
   319 | D:1      | Reached skill level 4 in Hexes
   568 | D:2      | Reached XP level 4. HP: 33/33 MP: 9/9
   728 | D:3      | Learned a level 2 spell: Ensorcelled Hibernation
   813 | D:3      | Found an iron altar of Okawaru.
   875 | D:3      | Found Onac's Assorted Antiques.
   884 | D:3      | Bought a scroll labelled VIMEAJ KUBRI for 23 gold pieces
   884 | D:3      | Bought a scroll labelled JEON KAUDOL for 23 gold pieces
   884 | D:3      | Bought a grey potion for 20 gold pieces
   980 | D:3      | Reached XP level 5. HP: 31/38 MP: 11/11
   985 | D:3      | Noticed Robin
  1127 | D:3      | Found a broken altar of Ashenzari.
  1204 | D:3      | Killed Robin
  1217 | D:3      | Reached XP level 6. HP: 35/45 MP: 12/12
  1293 | D:4      | Found an opulent altar of Gozag.
  1638 | D:5      | Entered Level 5 of the Dungeon
  1922 | D:5      | Noticed Eustachio
  1949 | D:5      | Reached XP level 7. HP: 37/50 MP: 11/14
  1951 | D:5      | Reached skill level 5 in Hexes
  1989 | D:4      | HP: 2/50 [something (2)]
  1996 | D:4      | Killed from afar by an orc wizard

Illustrated notes

Levels and vault maps discovered:
D:1:      eino_arrival_water_cross, layout_rooms,
          hellmonk_ecumenical_altar_prayer_group, minivault_25
D:2:      layout_loops_ring, due_unseen_surprise
D:3:      layout_basic, old_standard_altar, okawaru_altar_gauntlet_db,
          serial_shops, shop, uniq_robin
D:4:      layout_basic, nicolae_gozag_cash_rules_everything_around_me
D:5:      layout_layer_cave, mainiacjoe_overflow_boulevard, grunt_ministairs_5,
          minmay_crossroads, uniq_eustachio

Skill      XL: |  1  2  3  4  5  6  7 |
---------------+----------------------+-----
Spellcasting   | 3 4 |  4.3
Hexes          | 4 5 |  5.0
Dodging        | 3 4 |  4.1
Short Blades   | 2 3 |  3.1
Stealth        | 3 |  3.1

Action                   |  1- 3 |  4- 6 |  7- 9 || total
-------------------------+-------+-------+-------++-------
Melee: Dagger            |    89 |   191 |    11 ||   291
       Punch             |       |     4 |     1 ||     5
Throw: Dart              |       |     4 |       ||     4
 Cast: Ensorcelled Hiber |       |    17 |     7 ||    24
Evoke: Wand              |       |     1 |     3 ||     4
  Use: Scroll            |       |    11 |       ||    11
       Potion            |       |       |     3 ||     3
 Stab: Sleeping          |       |     9 |     2 ||    11
Armor: Robe              |    22 |    38 |    12 ||    72
Dodge: Dodged            |    40 |   110 |     7 ||   157

Table legend: (Time is in decaauts)
 A = Elapsed time spent in this place.
 B = Non-inter-level travel time spent in this place.
 C = Inter-level travel time spent in this place.
 D = Time resting spent in this place.
 E = Time spent auto-exploring this place.
 F = Levels seen in this place.
 G = Mean time per level.
                   A        B        C        D        E       F      G
               +--------+--------+--------+--------+--------+-----+--------+
         Total |   1964 |   1964 |      0 |      0 |     10 |   5 |  392.8 |
       Dungeon |   1964 |   1964 |      0 |      0 |     10 |   5 |  392.8 |
               +--------+--------+--------+--------+--------+-----+--------+

Top non-repeatable levels by time:
     D:3: 478 daAuts
     D:1: 397 daAuts
     D:2: 379 daAuts
     D:4: 370 daAuts
     D:5: 338 daAuts
